Tamiflu vs Sasquatch
Created - 29 novembre 2014 at 19:09
Goals
|
| Tamiflu |
3 |
2 |
0 |
5 |
| Sasquatch |
3 |
0 |
1 |
4 |
|
Shots
|
| Tamiflu |
9 |
7 |
1 |
17 |
| Sasquatch |
13 |
20 |
5 |
38 |
|
1st period
1. Sasquatch , Oskar Osala 9 (D.J King, Keith Yandle) at 2:22
2. Tamiflu , Alex Picard 19 (Nate Thompson) at 2:32
3. Sasquatch , Stephane Da Costa 12 (Jake Gardiner) at 8:24
4. Tamiflu , Mattias Tedenby 10 (Alex Picard, Casey Wellman) at 9:40
5. Sasquatch , Oskar Osala 10 (Kevin Porter, D.J King) at 11:29
6. Tamiflu , Petr Pohl 12 (Greg Mauldin) at 18:01
Penalties :
Matt Niskanen (Gat) for Slashing (Minor) at 12:46
2nd period
7. Tamiflu , Mattias Tedenby 11 (Alex Picard, Johan Fransson) at 5:53
8. Tamiflu , Carson Mcmillan 10 (Nate Thompson, Jonathan Sigalet) at 6:05
Penalties :
No Penalty
3rd period
9. Sasquatch , Derek Stepan 14 (Jakub Voracek) at 3:48
Penalties :
No Penalty
Goalie Stats
Thomas Greiss (Det), 34 saves from 38 shots - (0,895), W, 2-3-2, 60:00 minutes
Anders Lindback (Gat), 10 saves from 15 shots - (0,667), L, 7-7-1, 26:05 minutes
Marek Schwarz (Gat), 2 saves from 2 shots - (1,000), 33:19 minutes
Players Stats for Tamiflu
Player Name G A P +/- PIM S H SB GA TA FO MP PP MP PK MP
------------------------------------------------------------------------------------
Adam Henrique 0 0 0 -2 0 1 2 2 0 0 4/6 14:44 0:00 0:00
Alex Picard 1 2 3 2 0 6 2 1 1 2 1/3 24:34 1:06 0:00
Ben Hanowski 0 0 0 0 0 0 0 0 0 0 0/0 0:38 0:00 0:00
Carson Mcmillan 1 0 1 1 0 1 0 1 0 0 0/2 15:55 1:06 0:00
Casey Wellman 0 1 1 1 0 0 0 0 0 0 0/3 10:16 0:00 0:00
Cody Goloubef 0 0 0 0 0 0 0 1 0 0 0/0 8:01 0:00 0:00
Greg Mauldin 0 1 1 1 0 0 1 2 1 0 5/10 20:07 0:53 0:00
Johan Fransson 0 1 1 0 0 0 0 1 0 0 0/0 16:12 0:45 0:00
Jonathan Sigalet 0 1 1 2 0 0 3 1 2 0 0/0 21:55 1:14 0:00
Jordan Hendry 0 0 0 2 0 1 2 1 0 1 0/0 21:55 1:14 0:00
Kyle Lawson 0 0 0 -1 0 0 2 3 0 1 0/0 13:52 0:00 0:00
Mattias Tedenby 2 0 2 1 0 2 1 0 0 0 0/0 13:54 0:00 0:00
Mike Duco 0 0 0 -2 0 1 1 1 1 1 1/2 14:24 0:00 0:00
Nate Thompson 0 2 2 -1 0 2 3 2 2 0 14/26 25:04 1:06 0:00
Nathan Oystrick 0 0 0 0 0 0 1 1 0 0 0/0 16:12 0:45 0:00
Petr Pohl 1 0 1 1 0 3 1 0 0 0 0/0 20:08 0:53 0:00
Philip Samuelsson 0 0 0 -1 0 0 1 3 0 0 0/0 13:52 0:00 0:00
Philippe Dupuis 0 0 0 0 0 0 0 0 0 0 0/0 0:00 0:00 0:00
Rich Clune 0 0 0 1 0 0 4 0 0 1 0/1 20:16 0:53 0:00
Stefan Elliott 0 0 0 0 0 0 0 0 0 0 0/0 0:00 0:00 0:00
Teemu Laakso 0 0 0 0 0 0 0 2 0 0 0/0 8:01 0:00 0:00
Teigan Zahn 0 0 0 0 0 0 0 0 0 0 0/0 0:00 0:00 0:00
Players Stats for Sasquatch
Player Name G A P +/- PIM S H SB GA TA FO MP PP MP PK MP
------------------------------------------------------------------------------------
Brandon Bochenski 0 0 0 2 0 0 2 0 0 0 0/0 16:53 0:00 0:32
Cam Atkinson 0 0 0 0 0 0 1 0 0 0 0/0 12:01 0:00 0:00
D.J King 0 2 2 -3 0 5 0 2 2 0 0/0 21:48 0:00 0:55
Derek Stepan 1 0 1 -3 0 1 1 0 0 1 15/30 21:25 0:00 0:32
Jake Gardiner 0 1 1 -1 0 1 0 0 1 2 0/0 26:27 0:00 1:04
Jakub Voracek 0 1 1 -3 0 6 2 1 1 0 0/1 20:53 0:00 0:00
Joe Corvo 0 0 0 -2 0 1 3 0 0 0 0/0 20:33 0:00 1:19
Josh Bailey 0 0 0 0 0 0 1 0 0 0 0/0 8:46 0:00 0:00
Keith Yandle 0 1 1 0 0 4 0 0 2 1 0/0 21:33 0:00 0:55
Kevin Porter 0 1 1 2 0 6 0 0 0 1 4/10 15:45 0:00 0:55
Kyle Clifford 0 0 0 0 0 0 3 0 0 0 0/0 12:33 0:00 0:32
Luke Adam 0 0 0 0 0 1 0 0 0 0 3/5 8:46 0:00 0:00
Matt Frattin 0 0 0 0 0 1 0 0 0 0 0/0 8:46 0:00 0:00
Matt Niskanen 0 0 0 1 2 2 2 0 0 0 0/0 17:29 0:00 0:00
Nick Leddy 0 0 0 0 0 1 0 1 0 0 0/0 17:05 0:00 0:40
Oskar Osala 2 0 2 2 0 6 3 0 0 0 0/0 16:53 0:00 0:32
Stephane Da Costa 1 0 1 0 0 3 1 0 0 2 6/7 12:01 0:00 0:00
Yann Sauvé 0 0 0 0 0 0 0 0 0 0 0/0 18:23 0:00 0:00
3 Stars
1 - Oskar Osala (Gat)
2 - Alex Picard (Det)
3 - Mattias Tedenby (Det)
Power Play
Tamiflu - 0 on 1 Attempt(s) - 0,00%
Sasquatch - 0 on 0 Attempt(s) - 0,00%
Penalty Kill
Tamiflu - 0 on 0 Attempt(s) - 0,00%
- Score 0 goal in Penalty Kill
Sasquatch - 1 on 1 Attempt(s) - 100,00%
- Score 0 goal in Penalty Kill
Official
Referees : Pollock Kevin and StPierre Justin
Linesman : Mike Cvik and Brian Murphy
Game Notes
Marek Schwarz enters game at 6:05 of 2nd period
Finance
Level 1 -- Attendance: 1548 (77,40%) -- Ticket Income 54 180 $
Level 2 -- Attendance: 671 (67,10%) -- Ticket Income 10 065 $
Total Attendance: 2219 (73,97%)
Total Ticket Income: 64 245 $
Other Income: 3 212 $
Total Income: 67 457 $
Tamiflu
5 vs 5 Forward
Center Left Wing Right Wing Time % Phy DF OF
1 Nate Thompson Alex Picard Carson Mcmillan 40 1 2 2
2 Greg Mauldin Rich Clune Petr Pohl 30 1 2 2
3 Adam Henrique Nate Thompson Mike Duco 20 1 2 2
4 Casey Wellman Alex Picard Mattias Tedenby 10 1 2 2
5 vs 5 Defense
Defense Defense Time % Phy DF OF
1 Jonathan Sigalet Jordan Hendry 40 1 2 2
2 Nathan Oystrick Johan Fransson 30 1 2 2
3 Philip Samuelsson Kyle Lawson 20 1 2 2
4 Cody Goloubef Teemu Laakso 10 1 2 2
PowerPlay Forward
Center Left Wing Right Wing Time % Phy DF OF
1 Nate Thompson Alex Picard Carson Mcmillan 60 1 2 2
2 Greg Mauldin Rich Clune Petr Pohl 40 1 2 2
PowerPlay Defense
Defense Defense Time % Phy DF OF
1 Jonathan Sigalet Jordan Hendry 60 1 2 2
2 Nathan Oystrick Johan Fransson 40 1 2 2
Penalty Kill 4 Players Forward
Center Wing Time % Phy DF OF
1 Nate Thompson Alex Picard 60 1 2 2
2 Greg Mauldin Carson Mcmillan 40 1 2 2
Penalty Kill 4 Players Defense
Defense Defense Time % Phy DF OF
1 Jonathan Sigalet Jordan Hendry 60 1 2 2
2 Nathan Oystrick Johan Fransson 40 1 2 2
Penalty Kill - 3 Players Forward
Forward Time % Phy DF OF
1 Nate Thompson 60 1 2 2
2 Alex Picard 40 1 2 2
Penalty Kill - 3 Players Defense
Defense Defense Time % Phy DF OF
1 Jonathan Sigalet Jordan Hendry 60 1 2 2
2 Nathan Oystrick Johan Fransson 40 1 2 2
4 vs 4 Forward
Center Wing Time % Phy DF OF
1 Nate Thompson Alex Picard 60 1 2 2
2 Greg Mauldin Carson Mcmillan 40 1 2 2
4 vs 4 Defense
Defense Defense Time % Phy DF OF
1 Jonathan Sigalet Jordan Hendry 60 1 2 2
2 Nathan Oystrick Johan Fransson 40 1 2 2
Last Minutes Offensive
Center Left Wing Right Wing Defense Defense
Nate Thompson Alex Picard Carson Mcmillan Jonathan Sigalet Jordan Hendry
Last Minutes Defensive
Center Left Wing Right Wing Defense Defense
Nate Thompson Alex Picard Carson Mcmillan Jonathan Sigalet Jordan Hendry
Goaltenders
Starting : Thomas Greiss
Backup : Joe Fallon
Extra Forwards
Normal : Adam Henrique, Mike Duco, Mattias Tedenby - PP : Adam Henrique, Mike Duco - PK : Mattias Tedenby
Extra Defensemen
Normal : Philip Samuelsson, Kyle Lawson, Cody Goloubef - PP : Philip Samuelsson - PK : Kyle Lawson, Cody Goloubef
Penalty Shots
Nate Thompson, Alex Picard, Greg Mauldin, Carson Mcmillan, Petr Pohl
Sasquatch
5 vs 5 Forward
Center Left Wing Right Wing Time % Phy DF OF
1 Derek Stepan D.J King Jakub Voracek 40 1 2 2
2 Kevin Porter Oskar Osala Brandon Bochenski 30 1 2 2
3 Stephane Da Costa Kyle Clifford Cam Atkinson 20 1 2 2
4 Luke Adam Josh Bailey Matt Frattin 10 1 2 2
5 vs 5 Defense
Defense Defense Time % Phy DF OF
1 Keith Yandle Jake Gardiner 40 1 2 2
2 Matt Niskanen Yann Sauvé 30 1 2 2
3 Joe Corvo Nick Leddy 20 1 2 2
4 Joe Corvo Jake Gardiner 10 1 2 2
PowerPlay Forward
Center Left Wing Right Wing Time % Phy DF OF
1 Derek Stepan D.J King Jakub Voracek 60 1 2 2
2 Kevin Porter Oskar Osala Brandon Bochenski 40 1 2 2
PowerPlay Defense
Defense Defense Time % Phy DF OF
1 Joe Corvo Jake Gardiner 60 1 2 2
2 Matt Niskanen Nick Leddy 40 1 2 2
Penalty Kill 4 Players Forward
Center Wing Time % Phy DF OF
1 Kevin Porter D.J King 60 1 2 2
2 Brandon Bochenski Oskar Osala 40 1 2 2
Penalty Kill 4 Players Defense
Defense Defense Time % Phy DF OF
1 Joe Corvo Jake Gardiner 60 1 2 2
2 Matt Niskanen Keith Yandle 40 1 2 2
Penalty Kill - 3 Players Forward
Forward Time % Phy DF OF
1 Kevin Porter 60 1 2 2
2 D.J King 40 1 2 2
Penalty Kill - 3 Players Defense
Defense Defense Time % Phy DF OF
1 Joe Corvo Jake Gardiner 60 1 2 2
2 Matt Niskanen Keith Yandle 40 1 2 2
4 vs 4 Forward
Center Wing Time % Phy DF OF
1 Kevin Porter D.J King 60 1 2 2
2 Derek Stepan Jakub Voracek 40 1 2 2
4 vs 4 Defense
Defense Defense Time % Phy DF OF
1 Joe Corvo Jake Gardiner 60 1 2 2
2 Matt Niskanen Keith Yandle 40 1 2 2
Last Minutes Offensive
Center Left Wing Right Wing Defense Defense
Derek Stepan D.J King Jakub Voracek Joe Corvo Jake Gardiner
Last Minutes Defensive
Center Left Wing Right Wing Defense Defense
Kevin Porter D.J King Jakub Voracek Joe Corvo Jake Gardiner
Goaltenders
Starting : Anders Lindback
Backup : Marek Schwarz
Extra Forwards
Normal : Brandon Bochenski, Stephane Da Costa, Josh Bailey - PP : Brandon Bochenski, Stephane Da Costa - PK : Derek Stepan
Extra Defensemen
Normal : Yann Sauvé, Nick Leddy, Matt Niskanen - PP : Yann Sauvé - PK : Nick Leddy, Matt Niskanen
Penalty Shots
Cam Atkinson, Oskar Osala, Brandon Bochenski, Joe Corvo, Matt Frattin
% Time on Ice - Tamiflu
Lines # - Real PCT - Wanted PCT - Time Play
Normal Forward
1 - 24% - 40% - 13:35
2 - 35% - 30% - 19:57
3 - 23% - 20% - 12:59
4 - 18% - 10% - 10:16
Normal Defense
1 - 36% - 40% - 20:41
2 - 27% - 30% - 15:27
3 - 22% - 20% - 12:38
4 - 14% - 10% - 8:01
PP Forward
1 - 55% - 60% - 1:06
2 - 45% - 40% - 0:53
PP Defense
1 - 62% - 60% - 1:14
2 - 38% - 40% - 0:45
PK Forward
1 - 0% - 60%
2 - 0% - 40%
PK Defense
1 - 0% - 60%
2 - 0% - 40%
PK3 Forward
1 - 0% - 60%
2 - 0% - 40%
PK3 Defense
1 - 0% - 60%
2 - 0% - 40%
44 Forward
1 - 0% - 60%
2 - 0% - 40%
44 Defense
1 - 0% - 60%
2 - 0% - 40%
Last Minute Offensive - 0:00
Last Minute Defensive - 1:14
Total
Forward - 60:00
Defense - 60:00
|
% Time on Ice - Sasquatch
Lines # - Real PCT - Wanted PCT - Time Play
Normal Forward
1 - 35% - 40% - 19:42
2 - 29% - 30% - 16:21
3 - 21% - 20% - 12:01
4 - 15% - 10% - 8:46
Normal Defense
1 - 36% - 40% - 20:38
2 - 33% - 30% - 18:32
3 - 25% - 20% - 14:22
4 - 6% - 10% - 3:18
PP Forward
1 - 0% - 60%
2 - 0% - 40%
PP Defense
1 - 0% - 60%
2 - 0% - 40%
PK Forward
1 - 73% - 60% - 1:27
2 - 27% - 40% - 0:32
PK Defense
1 - 44% - 60% - 0:52
2 - 56% - 40% - 1:07
PK3 Forward
1 - 0% - 60%
2 - 0% - 40%
PK3 Defense
1 - 0% - 60%
2 - 0% - 40%
44 Forward
1 - 0% - 60%
2 - 0% - 40%
44 Defense
1 - 0% - 60%
2 - 0% - 40%
Last Minute Offensive - 1:11
Last Minute Defensive - 0:00
Total
Forward - 60:00
Defense - 60:00
|
Play by Play
1st period
0:01 of 1st period - Derek Stepan wins face-off versus Nate Thompson in neutral zone.
1:11 of 1st period - Slapshot by Matt Frattin.
1:11 of 1st period - Shot Misses the Net.
1:13 of 1st period - Slapshot by Matt Niskanen.
1:13 of 1st period - Stopped by Thomas Greiss with a rebound.
2:00 of 1st period - Slapshot by Keith Yandle.
2:00 of 1st period - Stopped by Thomas Greiss without a rebound.
2:01 of 1st period - Greg Mauldin wins face-off versus Derek Stepan in Tamiflu zone.
2:22 of 1st period - Wrist shot by Oskar Osala.
2:22 of 1st period - Goal by Oskar Osala - Tamiflu : 0 - Sasquatch : 1.
2:23 of 1st period - Nate Thompson wins face-off versus Derek Stepan in neutral zone.
2:32 of 1st period - Slapshot by Alex Picard.
2:32 of 1st period - Goal by Alex Picard - Tamiflu : 1 - Sasquatch : 1.
2:33 of 1st period - Nate Thompson wins face-off versus Stephane Da Costa in neutral zone.
2:59 of 1st period - Jakub Voracek is hit by Jonathan Sigalet and loses puck.
3:22 of 1st period - Slapshot by Nate Thompson.
3:22 of 1st period - Stopped by Anders Lindback with a rebound.
3:49 of 1st period - Off-side.
3:50 of 1st period - Stephane Da Costa wins face-off versus Nate Thompson in neutral zone.
4:06 of 1st period - Icing by Alex Picard.
4:07 of 1st period - Nate Thompson wins face-off versus Jakub Voracek in Tamiflu zone.
4:07 of 1st period - Nate Thompson is hit by Joe Corvo.
4:25 of 1st period - Slapshot by Alex Picard.
4:25 of 1st period - Stopped by Anders Lindback with a rebound.
4:51 of 1st period - Oskar Osala is hit by Rich Clune and loses puck.
5:06 of 1st period - Snap shot by Matt Frattin.
5:06 of 1st period - Shot Misses the Net.
5:08 of 1st period - Wrist shot by Nick Leddy.
5:08 of 1st period - Deflect By Matt Frattin.
5:08 of 1st period - Shot Blocked by Philip Samuelsson.
5:08 of 1st period - Puck is out of play.
5:09 of 1st period - Adam Henrique wins face-off versus Derek Stepan in Tamiflu zone.
5:36 of 1st period - Kevin Porter is hit by Greg Mauldin and loses puck.
5:52 of 1st period - Icing by Brandon Bochenski.
5:53 of 1st period - Stephane Da Costa wins face-off versus Casey Wellman in Sasquatch zone.
6:04 of 1st period - Snap shot by Stephane Da Costa.
6:04 of 1st period - Stopped by Thomas Greiss without a rebound.
6:05 of 1st period - Derek Stepan wins face-off versus Alex Picard in Tamiflu zone.
6:08 of 1st period - Slapshot by D.J King.
6:08 of 1st period - Stopped by Thomas Greiss with a rebound.
6:18 of 1st period - Snap shot by Jakub Voracek.
6:18 of 1st period - Stopped by Thomas Greiss without a rebound.
6:19 of 1st period - Kevin Porter wins face-off versus Nate Thompson in Tamiflu zone.
6:30 of 1st period - Wrist shot by Oskar Osala.
6:30 of 1st period - Shot Misses the Net.
6:48 of 1st period - Slapshot by Keith Yandle.
6:48 of 1st period - Shot Blocked by Greg Mauldin.
6:52 of 1st period - Snap shot by Jakub Voracek.
6:52 of 1st period - Shot Misses the Net.
6:54 of 1st period - Wrist shot by Keith Yandle.
6:54 of 1st period - Shot Blocked by Greg Mauldin.
8:24 of 1st period - Wrist shot by Stephane Da Costa.
8:24 of 1st period - Goal by Stephane Da Costa - Tamiflu : 1 - Sasquatch : 2.
8:25 of 1st period - Nate Thompson wins face-off versus Derek Stepan in neutral zone.
8:40 of 1st period - Wrist shot by Alex Picard.
8:40 of 1st period - Stopped by Anders Lindback with a rebound.
8:50 of 1st period - Jordan Hendry is hit by Oskar Osala and loses puck.
8:57 of 1st period - Snap shot by Oskar Osala.
8:57 of 1st period - Shot Misses the Net.
9:13 of 1st period - Snap shot by Alex Picard.
9:13 of 1st period - Stopped by Anders Lindback without a rebound.
9:14 of 1st period - Stephane Da Costa wins face-off versus Alex Picard in Sasquatch zone.
9:27 of 1st period - Kyle Clifford is hit by Kyle Lawson and loses puck.
9:40 of 1st period - Slapshot by Mattias Tedenby.
9:40 of 1st period - Goal by Mattias Tedenby - Tamiflu : 2 - Sasquatch : 2.
9:41 of 1st period - Derek Stepan wins face-off versus Nate Thompson in neutral zone.
11:06 of 1st period - Petr Pohl is hit by Joe Corvo and loses puck.
11:29 of 1st period - Slapshot by Oskar Osala.
11:29 of 1st period - Goal by Oskar Osala - Tamiflu : 2 - Sasquatch : 3.
11:30 of 1st period - Derek Stepan wins face-off versus Nate Thompson in neutral zone.
11:33 of 1st period - Snap shot by Jakub Voracek.
11:33 of 1st period - Stopped by Thomas Greiss without a rebound.
11:34 of 1st period - Nate Thompson wins face-off versus Derek Stepan in Tamiflu zone.
11:45 of 1st period - Wrist shot by D.J King.
11:45 of 1st period - Stopped by Thomas Greiss without a rebound.
11:46 of 1st period - Nate Thompson wins face-off versus Derek Stepan in Tamiflu zone.
11:54 of 1st period - Snap shot by Joe Corvo.
11:54 of 1st period - Deflect By D.J King.
11:54 of 1st period - Stopped by Thomas Greiss without a rebound.
11:55 of 1st period - Derek Stepan wins face-off versus Carson Mcmillan in Tamiflu zone.
12:23 of 1st period - Snap shot by Jakub Voracek.
12:23 of 1st period - Deflect By Derek Stepan.
12:23 of 1st period - Shot Blocked by Carson Mcmillan.
12:23 of 1st period - Puck is out of play.
12:24 of 1st period - Greg Mauldin wins face-off versus Kevin Porter in Tamiflu zone.
12:24 of 1st period - Greg Mauldin is hit by Oskar Osala.
12:32 of 1st period - Snap shot by Greg Mauldin.
12:32 of 1st period - Shot Misses the Net.
12:46 of 1st period - Minor Penalty to Matt Niskanen for Slashing.
12:47 of 1st period - Nate Thompson wins face-off versus Kevin Porter in Sasquatch zone.
13:12 of 1st period - Joe Corvo is hit by Jonathan Sigalet and loses puck.
14:46 of 1st period - Penalty to Matt Niskanen is over, Matt Niskanen is back on ice.
14:53 of 1st period - Snap shot by Mike Duco.
14:53 of 1st period - Stopped by Anders Lindback with a rebound.
15:50 of 1st period - Snap shot by Oskar Osala.
15:50 of 1st period - Stopped by Thomas Greiss with a rebound.
15:52 of 1st period - Wrist shot by Oskar Osala.
15:52 of 1st period - Shot Misses the Net.
16:10 of 1st period - Snap shot by Matt Niskanen.
16:10 of 1st period - Shot Blocked by Kyle Lawson.
16:12 of 1st period - Slapshot by Jake Gardiner.
16:12 of 1st period - Shot Misses the Net.
16:14 of 1st period - Snap shot by Jake Gardiner.
16:14 of 1st period - Shot Blocked by Kyle Lawson.
16:16 of 1st period - Snap shot by Matt Niskanen.
16:16 of 1st period - Stopped by Thomas Greiss without a rebound.
16:17 of 1st period - Nate Thompson wins face-off versus Derek Stepan in Tamiflu zone.
16:59 of 1st period - Icing by Petr Pohl.
17:00 of 1st period - Luke Adam wins face-off versus Greg Mauldin in Tamiflu zone.
17:01 of 1st period - Snap shot by Joe Corvo.
17:01 of 1st period - Shot Misses the Net.
17:57 of 1st period - Snap shot by Petr Pohl.
17:57 of 1st period - Stopped by Anders Lindback with a rebound.
17:59 of 1st period - Snap shot by Greg Mauldin.
17:59 of 1st period - Shot Misses the Net.
18:01 of 1st period - Wrist shot by Petr Pohl.
18:01 of 1st period - Goal by Petr Pohl - Tamiflu : 3 - Sasquatch : 3.
18:02 of 1st period - Stephane Da Costa wins face-off versus Carson Mcmillan in neutral zone.
18:27 of 1st period - Johan Fransson is hit by Josh Bailey and loses puck.
19:41 of 1st period - Nathan Oystrick is hit by Matt Niskanen.
Goals for this period are 3 for Tamiflu vs 3 for Sasquatch.
Shots for this period are 9 for Tamiflu vs 13 for Sasquatch.
2nd period
0:01 of 2nd period - Nate Thompson wins face-off versus Derek Stepan in neutral zone.
0:46 of 2nd period - Snap shot by Kevin Porter.
0:46 of 2nd period - Stopped by Thomas Greiss without a rebound.
0:47 of 2nd period - Adam Henrique wins face-off versus Kevin Porter in Tamiflu zone.
0:56 of 2nd period - Johan Fransson is hit by Brandon Bochenski and loses puck.
1:17 of 2nd period - Snap shot by Kevin Porter.
1:17 of 2nd period - Stopped by Thomas Greiss without a rebound.
1:18 of 2nd period - Alex Picard wins face-off versus Derek Stepan in Tamiflu zone.
1:49 of 2nd period - Snap shot by Stephane Da Costa.
1:49 of 2nd period - Stopped by Thomas Greiss with a rebound.
2:21 of 2nd period - Adam Henrique is hit by Brandon Bochenski and loses puck.
2:30 of 2nd period - Kevin Porter is hit by Adam Henrique and loses puck.
3:23 of 2nd period - Wrist shot by Adam Henrique.
3:23 of 2nd period - Stopped by Anders Lindback without a rebound.
3:24 of 2nd period - Adam Henrique wins face-off versus Luke Adam in Sasquatch zone.
3:51 of 2nd period - Greg Mauldin is hit by Jakub Voracek and loses puck.
4:14 of 2nd period - Alex Picard is hit by Derek Stepan and loses puck.
4:38 of 2nd period - Snap shot by Alex Picard.
4:38 of 2nd period - Stopped by Anders Lindback without a rebound.
4:39 of 2nd period - Greg Mauldin wins face-off versus Kevin Porter in Sasquatch zone.
4:46 of 2nd period - Slapshot by Keith Yandle.
4:46 of 2nd period - Shot Blocked by Jordan Hendry.
4:48 of 2nd period - Snap shot by Oskar Osala.
4:48 of 2nd period - Stopped by Thomas Greiss without a rebound.
4:49 of 2nd period - Greg Mauldin wins face-off versus Kevin Porter in Tamiflu zone.
5:24 of 2nd period - Snap shot by Kevin Porter.
5:24 of 2nd period - Stopped by Thomas Greiss without a rebound.
5:25 of 2nd period - Derek Stepan wins face-off versus Nate Thompson in Tamiflu zone.
5:34 of 2nd period - Joe Corvo is hit by Nate Thompson and loses puck.
5:39 of 2nd period - Wrist shot by Alex Picard.
5:39 of 2nd period - Shot Misses the Net.
5:41 of 2nd period - Snap shot by Nate Thompson.
5:41 of 2nd period - Stopped by Anders Lindback with a rebound.
5:53 of 2nd period - Wrist shot by Mattias Tedenby.
5:53 of 2nd period - Goal by Mattias Tedenby - Tamiflu : 4 - Sasquatch : 3.
5:54 of 2nd period - Nate Thompson wins face-off versus Derek Stepan in neutral zone.
5:57 of 2nd period - Wrist shot by Jonathan Sigalet.
5:57 of 2nd period - Shot Blocked by D.J King.
5:59 of 2nd period - Backhand shot by Jordan Hendry.
5:59 of 2nd period - Stopped by Anders Lindback with a rebound.
6:03 of 2nd period - Snap shot by Nate Thompson.
6:03 of 2nd period - Shot Blocked by Jakub Voracek.
6:05 of 2nd period - Wrist shot by Carson Mcmillan.
6:05 of 2nd period - Goal by Carson Mcmillan - Tamiflu : 5 - Sasquatch : 3.
6:05 of 2nd period - Marek Schwarz enters game.
6:06 of 2nd period - Nate Thompson wins face-off versus Derek Stepan in neutral zone.
6:09 of 2nd period - Wrist shot by Jakub Voracek.
6:09 of 2nd period - Shot Misses the Net.
6:11 of 2nd period - Snap shot by Keith Yandle.
6:11 of 2nd period - Stopped by Thomas Greiss without a rebound.
6:12 of 2nd period - Nate Thompson wins face-off versus Derek Stepan in Tamiflu zone.
6:17 of 2nd period - D.J King is hit by Jonathan Sigalet and loses puck.
6:38 of 2nd period - Slapshot by Keith Yandle.
6:38 of 2nd period - Stopped by Thomas Greiss without a rebound.
6:39 of 2nd period - Stephane Da Costa wins face-off versus Rich Clune in Tamiflu zone.
6:47 of 2nd period - Icing by Petr Pohl.
6:48 of 2nd period - Derek Stepan wins face-off versus Greg Mauldin in Tamiflu zone.
6:55 of 2nd period - Snap shot by Jakub Voracek.
6:55 of 2nd period - Stopped by Thomas Greiss with a rebound.
6:57 of 2nd period - Wrist shot by D.J King.
6:57 of 2nd period - Shot Misses the Net.
6:59 of 2nd period - Wrist shot by Jakub Voracek.
6:59 of 2nd period - Shot Blocked by Johan Fransson.
7:06 of 2nd period - Icing by Johan Fransson.
7:07 of 2nd period - Kevin Porter wins face-off versus Greg Mauldin in Tamiflu zone.
7:18 of 2nd period - Jake Gardiner is hit by Rich Clune and loses puck.
7:43 of 2nd period - Slapshot by Keith Yandle.
7:43 of 2nd period - Deflect By Brandon Bochenski.
7:43 of 2nd period - Shot Misses the Net.
7:43 of 2nd period - Puck is out of play.
7:44 of 2nd period - Derek Stepan wins face-off versus Nate Thompson in Tamiflu zone.
8:11 of 2nd period - Jordan Hendry is hit by Kyle Clifford and loses puck.
8:38 of 2nd period - Snap shot by Luke Adam.
8:38 of 2nd period - Stopped by Thomas Greiss with a rebound.
8:54 of 2nd period - Slapshot by Oskar Osala.
8:54 of 2nd period - Stopped by Thomas Greiss with a rebound.
8:56 of 2nd period - Wrist shot by Oskar Osala.
8:56 of 2nd period - Shot Blocked by Jonathan Sigalet.
8:58 of 2nd period - Snap shot by Keith Yandle.
8:58 of 2nd period - Stopped by Thomas Greiss without a rebound.
8:59 of 2nd period - Derek Stepan wins face-off versus Greg Mauldin in Tamiflu zone.
9:00 of 2nd period - Wrist shot by Jakub Voracek.
9:00 of 2nd period - Stopped by Thomas Greiss without a rebound.
9:01 of 2nd period - Derek Stepan wins face-off versus Adam Henrique in Tamiflu zone.
9:06 of 2nd period - Snap shot by Derek Stepan.
9:06 of 2nd period - Shot Blocked by Adam Henrique.
9:08 of 2nd period - Wrist shot by Jakub Voracek.
9:08 of 2nd period - Stopped by Thomas Greiss without a rebound.
9:09 of 2nd period - Adam Henrique wins face-off versus Derek Stepan in Tamiflu zone.
9:22 of 2nd period - Snap shot by D.J King.
9:22 of 2nd period - Shot Misses the Net.
9:46 of 2nd period - Snap shot by Jakub Voracek.
9:46 of 2nd period - Shot Blocked by Kyle Lawson.
9:48 of 2nd period - Slapshot by Jake Gardiner.
9:48 of 2nd period - Shot Blocked by Nate Thompson.
9:50 of 2nd period - Slapshot by Joe Corvo.
9:50 of 2nd period - Stopped by Thomas Greiss with a rebound.
9:52 of 2nd period - Wrist shot by D.J King.
9:52 of 2nd period - Stopped by Thomas Greiss without a rebound.
9:53 of 2nd period - Greg Mauldin wins face-off versus Kevin Porter in Tamiflu zone.
10:18 of 2nd period - Mattias Tedenby is hit by Kyle Clifford and loses puck.
10:49 of 2nd period - Keith Yandle is hit by Petr Pohl and loses puck.
11:36 of 2nd period - Rich Clune is hit by Kyle Clifford and loses puck.
12:09 of 2nd period - Wrist shot by Alex Picard.
12:09 of 2nd period - Stopped by Marek Schwarz with a rebound.
12:39 of 2nd period - Icing by Jakub Voracek.
12:40 of 2nd period - Derek Stepan wins face-off versus Mike Duco in Sasquatch zone.
12:40 of 2nd period - Derek Stepan is hit by Mike Duco.
12:46 of 2nd period - Johan Fransson is hit by Oskar Osala and loses puck.
13:10 of 2nd period - Slapshot by D.J King.
13:10 of 2nd period - Stopped by Thomas Greiss without a rebound.
13:11 of 2nd period - Derek Stepan wins face-off versus Nate Thompson in Tamiflu zone.
13:14 of 2nd period - Snap shot by Derek Stepan.
13:14 of 2nd period - Shot Misses the Net.
14:06 of 2nd period - Kevin Porter is hit by Adam Henrique and loses puck.
14:23 of 2nd period - Icing by Nick Leddy.
14:24 of 2nd period - Luke Adam wins face-off versus Casey Wellman in Sasquatch zone.
14:31 of 2nd period - Matt Frattin is hit by Jordan Hendry and loses puck.
14:42 of 2nd period - Slapshot by Matt Frattin.
14:42 of 2nd period - Stopped by Thomas Greiss without a rebound.
14:43 of 2nd period - Derek Stepan wins face-off versus Nate Thompson in Tamiflu zone.
14:48 of 2nd period - Slapshot by Derek Stepan.
14:48 of 2nd period - Shot Blocked by Nathan Oystrick.
14:56 of 2nd period - Backhand shot by Nathan Oystrick.
14:56 of 2nd period - Shot Misses the Net.
15:08 of 2nd period - Petr Pohl is hit by Joe Corvo and loses puck.
15:29 of 2nd period - Snap shot by Matt Niskanen.
15:29 of 2nd period - Shot Blocked by Nate Thompson.
15:35 of 2nd period - Matt Niskanen is hit by Nathan Oystrick.
16:45 of 2nd period - Jonathan Sigalet is hit by Stephane Da Costa and loses puck.
16:54 of 2nd period - Snap shot by Cam Atkinson.
16:54 of 2nd period - Shot Misses the Net.
17:42 of 2nd period - Snap shot by Kevin Porter.
17:42 of 2nd period - Stopped by Thomas Greiss with a rebound.
17:44 of 2nd period - Snap shot by Kevin Porter.
17:44 of 2nd period - Stopped by Thomas Greiss without a rebound.
17:45 of 2nd period - Kevin Porter wins face-off versus Adam Henrique in Tamiflu zone.
19:04 of 2nd period - Slapshot by Matt Frattin.
19:04 of 2nd period - Shot Blocked by Teemu Laakso.
19:06 of 2nd period - Snap shot by Joe Corvo.
19:06 of 2nd period - Shot Misses the Net.
19:08 of 2nd period - Snap shot by Matt Frattin.
19:08 of 2nd period - Shot Hit the Post.
19:10 of 2nd period - Slapshot by Nick Leddy.
19:10 of 2nd period - Stopped by Thomas Greiss with a rebound.
Goals for this period are 2 for Tamiflu vs 0 for Sasquatch.
Shots for this period are 7 for Tamiflu vs 20 for Sasquatch.
3rd period
0:01 of 3rd period - Nate Thompson wins face-off versus Derek Stepan in neutral zone.
0:33 of 3rd period - Wrist shot by Matt Niskanen.
0:33 of 3rd period - Deflect By Oskar Osala.
0:33 of 3rd period - Stopped by Thomas Greiss with a rebound.
0:49 of 3rd period - Slapshot by Matt Niskanen.
0:49 of 3rd period - Shot Blocked by Mike Duco.
1:29 of 3rd period - Wrist shot by Derek Stepan.
1:29 of 3rd period - Shot Blocked by Adam Henrique.
1:31 of 3rd period - Slapshot by Jakub Voracek.
1:31 of 3rd period - Stopped by Thomas Greiss with a rebound.
2:23 of 3rd period - Wrist shot by Jakub Voracek.
2:23 of 3rd period - Shot Misses the Net.
3:06 of 3rd period - Snap shot by Kevin Porter.
3:06 of 3rd period - Shot Blocked by Philip Samuelsson.
3:24 of 3rd period - Icing by Johan Fransson.
3:25 of 3rd period - Stephane Da Costa wins face-off versus Casey Wellman in Tamiflu zone.
3:48 of 3rd period - Snap shot by Derek Stepan.
3:48 of 3rd period - Goal by Derek Stepan - Tamiflu : 5 - Sasquatch : 4.
3:49 of 3rd period - Derek Stepan wins face-off versus Nate Thompson in neutral zone.
4:04 of 3rd period - Wrist shot by D.J King.
4:04 of 3rd period - Shot Misses the Net.
4:56 of 3rd period - Slapshot by Cam Atkinson.
4:56 of 3rd period - Shot Blocked by Cody Goloubef.
5:57 of 3rd period - Snap shot by Petr Pohl.
5:57 of 3rd period - Stopped by Marek Schwarz with a rebound.
6:47 of 3rd period - Snap shot by Kevin Porter.
6:47 of 3rd period - Shot Misses the Net.
7:53 of 3rd period - Snap shot by Kevin Porter.
7:53 of 3rd period - Stopped by Thomas Greiss with a rebound.
8:37 of 3rd period - Icing by Casey Wellman.
8:38 of 3rd period - Luke Adam wins face-off versus Nate Thompson in Tamiflu zone.
8:42 of 3rd period - Icing by Carson Mcmillan.
8:43 of 3rd period - Nate Thompson wins face-off versus Luke Adam in Tamiflu zone.
9:04 of 3rd period - Slapshot by Petr Pohl.
9:04 of 3rd period - Deflect By Rich Clune.
9:04 of 3rd period - Shot Blocked by D.J King.
9:04 of 3rd period - Puck is out of play.
9:05 of 3rd period - Derek Stepan wins face-off versus Greg Mauldin in Sasquatch zone.
9:05 of 3rd period - Derek Stepan is hit by Rich Clune.
9:15 of 3rd period - Jake Gardiner is hit by Rich Clune and loses puck.
9:37 of 3rd period - Kevin Porter is hit by Alex Picard and loses puck.
10:18 of 3rd period - Luke Adam is hit by Kyle Lawson and loses puck.
11:21 of 3rd period - Kyle Clifford is hit by Jordan Hendry and loses puck.
11:36 of 3rd period - Snap shot by Matt Frattin.
11:36 of 3rd period - Shot Misses the Net.
11:52 of 3rd period - D.J King is hit by Alex Picard.
12:22 of 3rd period - Stephane Da Costa is hit by Nate Thompson and loses puck.
13:08 of 3rd period - Carson Mcmillan is hit by Matt Niskanen and loses puck.
14:52 of 3rd period - Wrist shot by Cam Atkinson.
14:52 of 3rd period - Shot Misses the Net.
14:54 of 3rd period - Wrist shot by Jake Gardiner.
14:54 of 3rd period - Stopped by Thomas Greiss with a rebound.
14:56 of 3rd period - Snap shot by Kyle Clifford.
14:56 of 3rd period - Shot Misses the Net.
15:23 of 3rd period - Icing by Petr Pohl.
15:24 of 3rd period - Mike Duco wins face-off versus Derek Stepan in Tamiflu zone.
16:40 of 3rd period - Wrist shot by Matt Frattin.
16:40 of 3rd period - Shot Blocked by Alex Picard.
16:52 of 3rd period - Mattias Tedenby is hit by Cam Atkinson.
16:56 of 3rd period - Snap shot by Stephane Da Costa.
16:56 of 3rd period - Shot Blocked by Teemu Laakso.
17:18 of 3rd period - Philip Samuelsson is hit by Jakub Voracek and loses puck.
17:32 of 3rd period - Icing by Nate Thompson.
17:33 of 3rd period - Kevin Porter wins face-off versus Nate Thompson in Tamiflu zone.
17:51 of 3rd period - Matt Niskanen is hit by Mattias Tedenby and loses puck.
18:41 of 3rd period - Stephane Da Costa is hit by Philip Samuelsson and loses puck.
19:01 of 3rd period - D.J King is hit by Nate Thompson and loses puck.
19:18 of 3rd period - Snap shot by Alex Picard.
19:18 of 3rd period - Shot Blocked by Nick Leddy.
19:24 of 3rd period - Sasquatch, Marek Schwarz is pulled from the net.
19:34 of 3rd period - Wrist shot by D.J King.
19:34 of 3rd period - Shot Blocked by Philip Samuelsson.
Goals for this period are 0 for Tamiflu vs 1 for Sasquatch.
Shots for this period are 1 for Tamiflu vs 5 for Sasquatch.
Output by the SimonT Hockey Simulator (STHS) for François Prévost -- Original Page W3C XHTML 1.0 Valid